 Dungeon Crawl Stone Soup version 0.18-a0-1774-gce1f7b6 (webtiles) character file.

24483 nono the Severer (level 12, -6/96 HPs)
             Began as a Deep Dwarf Berserker on Apr 15, 2016.
             Was a High Priest of Trog.
             Mangled by an azure jelly (34 damage)
             ... created by the vengeance of Jiyva
             ... on level 5 of the Lair of Beasts.
             The game lasted 00:44:43 (12115 turns).

nono the Severer (Deep Dwarf Berserker)            Turns: 12115, Time: 00:44:45

Health: -6/96      AC: 15    Str: 24    XL:     12   Next: 81%
Magic:  16/16      EV: 15    Int: 10    God:    Trog [*****.]
Gold:   1101       SH:  0    Dex: 14    Spells: 0 memorised, 11 levels left

rFire  . . .     SeeInvis .     T - +3 battleaxe (freeze)
rCold  . . .     Gourm    .     C - +0 chain mail
rNeg   . . .     Faith    +     (shield currently unavailable)
rPois  .         Spirit   .     y - +2 helmet
rElec  .         Dismiss  .     V - +2 cloak
rCorr  .         Reflect  .     m - +1 pair of gloves
SustAt .         Harm     .     A - +0 pair of boots
MR     +....                    L - amulet of faith
Stlth  ..........               F - +6 ring of slaying (curse)
                                v - ring of flight

@: corroded, flying, non-regenerating, somewhat resistant to hostile
enchantments, extremely unstealthy
A: damage resistance, recharge devices, fangs 1, clever 1, sense surroundings 2,
screaming 2, slow regeneration 3
a: Device Recharging, Berserk, Trog's Hand, Brothers in Arms, Burn Spellbooks,
Renounce Religion


You were on level 5 of the Lair of Beasts.
You worshipped Trog.
Trog was extremely pleased with you.
You were hungry.

You visited 2 branches of the dungeon, and saw 15 of its levels.
You also visited: Sewer.

You collected 1101 gold pieces.

Inventory:

Hand Weapons
 T - a +3 battleaxe of freezing (weapon)
Armour
 m - a +1 pair of gloves (worn)
 y - a +2 helmet (worn)
 A - a +0 pair of boots (worn)
 C - a +0 chain mail (worn)
 V - a +2 cloak (worn)
Jewellery
 v - a ring of flight (left hand)
 F - a cursed +6 ring of slaying (right hand)
 L - an amulet of faith (around neck)
 S - an uncursed ring of ice
Wands
 c - a wand of heal wounds (2/9)
 e - a wand of polymorph (13/24)
 g - a wand of iceblast (1/15)
 i - a wand of disintegration (16/24)
 p - a wand of lightning (6/15)
 D - a wand of polymorph (9/24)
 G - a wand of digging (5/24)
 H - a wand of paralysis (9/24)
 I - a wand of acid (6/15)
 K - a wand of paralysis (12/24)
 Q - a wand of random effects (21/48)
 R - a wand of disintegration (5/24)
 W - a wand of digging (8/24)
 X - a wand of flame (30/48)
Scrolls
 j - 4 scrolls of recharging
 k - 4 scrolls of teleportation
 o - 11 scrolls of identify
 q - 5 scrolls of fear
 w - 8 scrolls of remove curse
 x - 4 scrolls of blinking
 z - 3 scrolls of enchant weapon
 J - 2 scrolls of magic mapping
 N - a scroll of silence
 P - a scroll of summoning {unknown}
 U - 2 scrolls of enchant armour
Potions
 h - 4 potions of resistance
 n - a potion of invisibility
 r - 2 potions of curing
 t - 4 potions of heal wounds
 u - 4 potions of haste
 B - 3 potions of berserk rage
 E - 3 potions of cure mutation
 M - a potion of lignification
 O - 3 potions of might
 Y - 2 potions of agility
Miscellaneous
 a - a plain deck of changes {drawn: 1}
Comestibles
 b - 3 slices of pizza
 d - 7 bread rations
 f - 4 meat rations
 l - 12 royal jellies
 s - 12 fruits
 Z - 2 beef jerkies


   Skills:
 - Level 2.6 Fighting
 * Level 15.2 Axes
 + Level 12.2 Armour
 + Level 12.0 Dodging
 + Level 6.5 Evocations


You had 11 spell levels left.
You didn't know any spells.

Dungeon Overview and Level Annotations

Branches:
Dungeon (10/15)            Temple (0/1) D:4            Lair (5/8) D:10
  Swamp: Lair:3-6    Shoals: Lair:3-6     Snake: Lair:3-6    Spider: Lair:3-6
    Orc: D:9-12

Altars:
Dithmenos
Elyvilon
Gozag
Kikubaaqudgha
Makhleb
Nemelex Xobeh
Pakellas
Qazlal
Sif Muna
Trog
Vehumet
Yredelemnul
Zin

Shops:
D:6 ?   D:9 (


Innate Abilities, Weirdness & Mutations

You are resistant to damage.
You can recharge devices by infusing magical energy.
You passively map the area around you.
You do not regenerate naturally.
You have very sharp teeth.
Your mind is acute. (Int +2)
You sometimes yell uncontrollably at your foes.


Message History

The azure jelly hits you but does no damage.
The azure jelly misses you.
The azure jelly hits you but does no damage.
The azure jelly misses you. The acid blob spits acid at you.
The splash of acid hits you! The acid corrodes you!
The acid burns!
* * * LOW HITPOINT WARNING * * *
The acid blob spits acid at you. The splash of acid hits you!
* * * LOW HITPOINT WARNING * * *
The acid burns!
* * * LOW HITPOINT WARNING * * *
Evoke which item? (* to show all) (? for menu, Esc to quit)
Zapping:
c - a wand of heal wounds (3/9)
Press: ? - help, Shift-Dir - straight line, f - you You feel much better.
This wand has 2 charges left.
The azure jelly misses you. The azure jelly hits you.
* * * LOW HITPOINT WARNING * * *
The azure jelly freezes you!!
You die...

##...##* *
#...#.##.......
.#.............###
....#............#
..##.............#
..#.#............##
..≈≈..............#
.≈≈≈≈;≈≈.......G..##
≈≈≈≈≈≈≈≈≈....$.J@..#
≈≈#####≈≈≈.....JJ.##
≈## #≈≈.........# ≈#
#≈≈.........# ≈#
,+......./..## ≈#
,,#≈≈.......## ≈##
,##≈≈.......#
≈≈#####≈≈≈....?.##
≈≈≈≈≈≈≈≈≈....####


You could see 2 acid blobs, an azure jelly and a shining eye.

Vanquished Creatures
  Erolcha (D:9)
  Josephine (Lair:4)
  The ghost of epen the Carver, a journeyman NaGl of Okawaru (Lair:1)
  A catoblepas (Lair:4)
  A centaur warrior (D:10)
  Pikel (D:4)
  2 black mambas
  4 elephants (Lair:4)
  3 centaur skeletons
  4 komodo dragons
  5 spiny frogs
  2 rime drakes (Lair:5)
  2 trolls
  Prince Ribbit (D:8)
  Sigmund (D:4)
  5 wraiths (Lair:4)
  33 yaks
  A wyvern (D:7)
  2 basilisks
  Menkaure (D:4)
  A hippogriff (Lair:4)
  Edmund (D:4)
  2 hell hounds (D:10)
  A soldier ant (D:10)
  6 water moccasins
  5 porcupines
  The ghost of anele the Cudgeler, an amateur OgAM of the Shining One (D:3)
  2 slaves (D:4)
  2 black bears
  2 sky beasts
  5 ogres
  4 necrophages (D:8)
  11 wolves
  A phantom (D:6)
  8 centaurs
  12 crocodiles
  10 giant frogs
  Blork the orc (D:4)
  2 scorpions
  8 killer bees
  A howler monkey (D:7)
  5 wights
  5 jellies
  3 vampire bats (D:8)
  4 crimson imps
  A centaur zombie (D:8)
  A hound (D:7)
  An orc priest (D:5)
  3 orc wizards
  3 giant frog skeletons
  14 iguanas
  5 worker ants
  A hound zombie (D:8)
  A hound skeleton (D:8)
  3 worker ant zombies
  Robin (D:3)
  9 adders
  A howler monkey skeleton (D:4)
  25 river rats
  3 shadow imps
  5 oozes (D:9)
  2 adder zombies (D:8)
  An adder skeleton (D:4)
  2 worms
  2 dart slugs
  8 giant geckos
  27 orcs
  4 bat skeletons (D:8)
  2 bat zombies (D:8)
  7 giant cockroaches
  17 goblins
  10 hobgoblins
  12 jackals
  7 quokkas
  9 ball pythons
  6 bats
  6 giant newts
  15 kobolds
  A quokka skeleton (D:7)
  2 quokka zombies
  10 rats
  5 fungi
  4 plants
411 creatures vanquished.

Vanquished Creatures (others)
  A worm (D:4)
  A quokka (D:4)
  5 fungi
  A plant (Lair:2)
8 creatures vanquished.

Grand Total: 419 creatures vanquished

Notes
Turn   | Place    | Note
--------------------------------------------------------------
     0 | D:1      | nono the Deep Dwarf Berserker began the quest for the Orb.
     0 | D:1      | Reached XP level 1. HP: 20/20 MP: 1/1
   185 | D:1      | Reached XP level 2. HP: 21/27 MP: 2/2
   335 | D:1      | Reached ** piety under Trog
   459 | D:1      | Reached XP level 3. HP: 16/33 MP: 3/3
   688 | D:2      | Found a shadowy altar of Dithmenos.
   745 | D:2      | Found a stormy altar of Qazlal.
   746 | D:2      | Found an oddly glowing altar of Pakellas.
   807 | D:2      | Reached skill level 4 in Axes
   978 | D:2      | Reached XP level 4. HP: 27/40 MP: 4/4
  1380 | D:3      | Noticed Robin
  1402 | D:3      | Killed Robin
  2030 | D:3      | Noticed anele's ghost (amateur OgAM)
  2050 | D:3      | Killed anele's ghost
  2050 | D:3      | Reached XP level 5. HP: 33/46 MP: 5/5
  2785 | D:2      | Reached skill level 5 in Axes
  2968 | D:4      | Noticed Sigmund
  2970 | D:4      | Noticed a slave
  2971 | D:4      | Noticed a slave
  3009 | D:4      | Killed a slave
  3194 | D:4      | Found a staircase to the Ecumenical Temple.
  3198 | D:4      | Noticed a slave
  3199 | D:4      | Noticed a slave
  3200 | D:4      | Noticed Pikel
  3228 | D:4      | Killed a slave
  3230 | D:4      | Killed Pikel
  3230 | D:4      | Reached skill level 6 in Axes
  3230 | D:4      | Reached skill level 5 in Armour
  3230 | D:4      | Reached skill level 5 in Dodging
  3230 | D:4      | Reached XP level 6. HP: 22/55 MP: 6/6
  3230 | D:4      | Reached XP level 7. HP: 25/61 MP: 7/7
  3240 | D:4      | Killed Sigmund
  3339 | D:4      | Noticed Menkaure
  3349 | D:4      | Killed Menkaure
  3349 | D:4      | Reached XP level 8. HP: 45/68 MP: 8/8
  3468 | D:4      | Found a white marble altar of Elyvilon.
  3590 | D:4      | Noticed Edmund
  3594 | D:4      | Reached skill level 7 in Axes
  3618 | D:4      | Killed Edmund
  3681 | D:4      | Noticed Blork the orc
  3689 | D:4      | Killed Blork the orc
  3838 | D:5      | Entered Level 5 of the Dungeon
  3898 | D:5      | Found a burning altar of Makhleb.
  3901 | D:5      | Found a basalt altar of Yredelemnul.
  3904 | D:5      | Found a radiant altar of Vehumet.
  4023 | D:5      | Found a deep blue altar of Sif Muna.
  4614 | D:6      | Found a bloodstained altar of Trog.
  4673 | D:6      | Reached skill level 8 in Axes
  4779 | D:6      | Reached *** piety under Trog
  4795 | D:6      | Found Onybaet's Magic Scroll Shoppe.
  4903 | D:6      | Found a glowing drain.
  4920 | Sewer    | Entered a sewer
  4966 | Sewer    | Gained mutation: You passively map the area around you. [Deep Dwarf growth]
  4966 | Sewer    | Reached XP level 9. HP: 41/74 MP: 9/9
  5698 | D:7      | Reached skill level 9 in Axes
  6057 | D:7      | Reached skill level 10 in Axes
  6085 | D:7      | Noticed a troll
  6093 | D:7      | Killed a troll
  6224 | D:8      | Reached **** piety under Trog
  6295 | D:8      | Noticed Prince Ribbit
  6370 | D:8      | Reached XP level 10. HP: 55/80 MP: 10/10
  6387 | D:8      | Found an ancient bone altar of Kikubaaqudgha.
  6759 | D:8      | Killed Prince Ribbit
  7214 | D:9      | Reached skill level 11 in Axes
  7633 | D:9      | Found Ryrex's Weapon Shoppe.
  7731 | D:9      | Noticed Erolcha
  7739 | D:9      | Killed Erolcha
  7744 | D:9      | Found an opulent altar of Gozag.
  7744 | D:9      | Found a glowing silver altar of Zin.
  7915 | D:10     | Entered Level 10 of the Dungeon
  7946 | D:10     | Reached skill level 12 in Axes
  7948 | D:10     | Found a staircase to the Lair.
  7979 | D:10     | Reached skill level 10 in Armour
  7980 | D:10     | Found a sparkling altar of Nemelex Xobeh.
  8126 | D:10     | Reached skill level 10 in Dodging
  8142 | D:10     | Reached XP level 11. HP: 66/88 MP: 11/11
  8174 | D:10     | Noticed a centaur warrior
  8184 | D:10     | Killed a centaur warrior
  8341 | Lair:1   | Entered Level 1 of the Lair of Beasts
  8418 | Lair:1   | Noticed a four-headed hydra
  8674 | Lair:1   | Noticed epen's ghost (journeyman NaGl)
  8702 | Lair:1   | Killed epen's ghost
  8702 | Lair:1   | Reached skill level 13 in Axes
  9388 | Lair:2   | Reached skill level 1 in Evocations
  9803 | Lair:3   | Reached skill level 14 in Axes
  9879 | Lair:3   | Reached ***** piety under Trog
  9914 | Lair:3   | Reached XP level 12. HP: 71/96 MP: 14/14
 10605 | Lair:4   | Reached skill level 5 in Evocations
 10610 | Lair:4   | Noticed Josephine
 10617 | Lair:4   | Killed Josephine
 10842 | Lair:4   | Noticed a catoblepas
 10854 | Lair:4   | Killed a catoblepas
 11417 | Lair:5   | Reached skill level 15 in Axes
 11433 | Lair:5   | Gained mutation: You have very sharp teeth. [potion of mutation]
 11433 | Lair:5   | Gained mutation: You occasionally shout uncontrollably at your foes. [potion of mutation]
 11433 | Lair:5   | Gained mutation: Your mind is acute. (Int +2) [potion of mutation]
 12110 | Lair:5   | Noticed an acid blob
 12110 | Lair:5   | Noticed an azure jelly
 12110 | Lair:5   | Noticed an acid blob
 12112 | Lair:5   | Gained mutation: You sometimes yell uncontrollably at your foes. [a shining eye]
 12115 | Lair:5   | Mangled by an azure jelly

Vault maps used:
D:1:      eino_arrival_druids_welcome
D:2:      gammafunk_temple_overflow_statue, grunt_dithmenos_smoke
D:3:      first_bread, uniq_robin
D:4:      elyvilon_altar_1, temple_pool_b, kennysheep_another_room, uniq_edmund,
          uniq_pikel, uniq_menkaure, uniq_blork_the_orc, uniq_sigmund
D:5:      lemuel_coloured_pillars_altar, grunt_temple_overflow_diamond
D:6:      kennysheep_mini_moat, serial_shops, shop, portal_sewer_entry_e
D:8:      kennysheep_vampire_church, serial_undead, serial_undead_b,
          serial_undead_b, serial_undead_f, serial_undead_d, serial_undead_d,
          uniq_prince_ribbit1
D:9:      grunt_temple_overflow_gold_and_silver, serial_shops,
          nicolae_shop_crystal, hangedman_little_slice_of_home, minivault_19,
          uniq_erolcha
D:10:     minmay_lair_entry_lava, grunt_ministairs_1, serial_bayou_pond_a,
          nemelex_xobeh_ov_fountains_minmay
Lair:1:   infiniplex_staircase_pool_2
Lair:3:   grunt_megastairs_1, serial_bayou_shore_b, lemuel_fruit_tree
Lair:4:   minmay_stone_trees_medium, serial_bayou_shore_b, grunt_megastairs_3,
          uniq_josephine
Lair:5:   minmay_shoals_entry_hut, serial_bayou_pond_d, grunt_megastairs_5
Sewer:    sewer_co_cracked_pipes

Skill      XL: |  1  2  3  4  5  6  7  8  9 10 11 12 |
---------------+-------------------------------------+-----
Dodging        | 3 4 5 6 7 8 10 11 12 | 12.0
Axes           | 4 6 8 10 12 14 15 | 15.2
Armour         | 3 5 6 7 9 10 11 12 | 12.2
Evocations     | 3 6 |  6.5
Fighting       | |  2.6

Action                   |  1- 3 |  4- 6 |  7- 9 | 10-12 || total
-------------------------+-------+-------+-------+-------++-------
Melee: Hand axe          |   153 |   242 |    78 |       ||   473
       Battleaxe         |       |       |   368 |   652 ||  1020
       Bite              |       |       |       |     2 ||     2
Invok: Trog's Hand       |     4 |     6 |    11 |    21 ||    42
       Berserk           |       |     1 |     2 |     1 ||     4
       Burn Spellbooks   |       |       |     3 |     4 ||     7
Evoke: Wand              |       |     1 |     4 |     3 ||     8
       Deck              |       |       |       |     1 ||     1
  Use: Potion            |       |     2 |     2 |    10 ||    14
       Scroll            |       |       |     7 |    12 ||    19
 Stab: Sleeping          |     2 |       |       |       ||     2
       Invisible         |       |       |     6 |       ||     6
  Eat: Chunk             |     1 |     8 |    16 |    24 ||    49
Armor: Animal skin       |    15 |     4 |       |       ||    19
       Ring mail         |       |    67 |     8 |       ||    75
       Chain mail        |       |       |   259 |   306 ||   565
Dodge: Dodged            |   102 |   147 |   319 |   421 ||   989
